 Dungeon Crawl Stone Soup version 0.28-a0-948-gee6e0bcda6 (webtiles) character file.

Game seed: 5931879807625741847

1292 AarnesTheHuman the Thrower (level 8, -2/88 HPs)
             Began as an Ogre Hunter on Nov 30, 2021.
             Slain by a killer bee (5 damage)
             ... on level 6 of the Dungeon.
             The game lasted 00:16:16 (8145 turns).

AarnesTheHuman the Thrower (Ogre Hunter)            Turns: 8145, Time: 00:16:17

Health: -2/88      AC:  4    Str: 19    XL:     8   Next: 56%
Magic:  8/8        EV:  9    Int: 12    God:
Gold:   251        SH:  0    Dex:  9    Spells: 7/7 levels left

rFire   + . .      SeeInvis .   a - +5 dagger
rCold   + . .      Faith    .   (no shield)
rNeg    . . .      Spirit   .   b - +1 robe
rPois   +          Reflect  .   (helmet restricted)
rElec   +          Harm     .   o - +0 cloak
rCorr   +          Rampage  .   (gloves unavailable)
Will    .....      Rage     1%  (boots unavailable)
Stlth   +.........              (no amulet)
HPRegen 0.24/turn               t - ring of flight
MPRegen 0.11/turn               (no ring)

@: lethally poisoned (-2 -> -12), resistant, flying
A: large, unfitting armour, tough skin 1, berserk 1, deformed body, evolution 1
a: no special abilities


You were on level 6 of the Dungeon.
You visited 1 branch of the dungeon, and saw 7 of its levels.

You collected 251 gold pieces.

Inventory:

Hand Weapons
 a - a +5 dagger (weapon)
 c - a +1 flail of holy wrath
 f - a +0 short sword
Missiles
 d - 2 throwing nets
 g - 197 stones
 m - 15 poisoned darts
 p - 5 large rocks
 q - 2 javelins
 u - a boomerang (quivered)
Armour
 b - a +1 robe (worn)
 o - a +0 cloak (worn)
Jewellery
 t - a ring of flight (left hand)
Wands
 v - a wand of polymorph (8)
Scrolls
 e - 2 scrolls of magic mapping
 i - a scroll of identify
 n - a scroll of acquirement
Potions
 h - a potion of resistance
 j - 2 potions of cancellation
 k - 3 potions of attraction
 l - 2 potions of brilliance


   Skills:
 + Level 8.0 Fighting
 * Level 9.2 Throwing
 - Level 1.7 Dodging
 - Level 0.6 Stealth


You had 7 spell levels left.
You didn't know any spells.
Your spell library contained the following spells:

 Spells                   Type           Power      Damage    Failure   Level
 Pain                     Necr           0%         1d4       32%         1
 Sandblast                Erth           0%         2d4       32%         1
 Blink                    Tloc           0%         N/A       45%         2
 Ensorcelled Hibernation  Hex/Ice        0%         N/A       45%         2
 Passwall                 Tmut/Erth      0%         N/A       45%         2
 Dazzling Flash           Conj/Hex       0%         N/A       69%         3
 Lesser Beckoning         Tloc           0%         N/A       69%         3
 Stone Arrow              Conj/Erth      0%         3d7       69%         3
 Tukima's Dance           Hex            0%         N/A       69%         3
 Iskenderun's Mystic Bla  Conj/Tloc      0%         2d3       97%         4
 Agony                    Necr           0%         N/A       100%        5
 Excruciating Wounds      Necr           0%         N/A       100%        5
 Manifold Assault         Tloc           0%         N/A       100%        5
 Starburst                Conj/Fire      0%         6d3       100%        6


Dungeon Overview and Level Annotations

Branches:
Dungeon (7/15)
 Temple: D:4-7

Altars:
Gozag
Zin

Shops:
D:5 :

Annotations:
D:5 3 runed translucent doors, exclusion: 6 doors, whyfkfv's ghost, weakling SpEn
D:6 exclusion: downstairs


Innate Abilities, Weirdness & Mutations

You are too large for most types of armour.
You have tough skin. (AC +1)
You tend to lose your temper in combat.
Armour fits poorly on your strangely shaped body.
You have hidden genetic potential.


Message History

Okay, then.
Unknown command.
As you read the scroll of teleportation, it crumbles to dust.
You feel strangely unstable.
You feel sick. The killer bee closely misses you. The killer bee stings you.
* * * LOW HITPOINT WARNING * * *
You are more poisoned.
The killer bee poisons you! The killer bee misses you.
The killer bee stings you.
* * * LOW HITPOINT WARNING * * *
You are lethally poisoned!
The killer bee poisons you!
Okay, then.
Unknown command.
Unknown command.
Unknown command.
You feel strangely stable.
You feel magically purged.
* * * LOW HITPOINT WARNING * * *
You feel very sick. The killer bee barely misses you.
The killer bee stings you.
* * * LOW HITPOINT WARNING * * *
The killer bee barely misses you. The killer bee closely misses you.
You feel protected.
* * * LOW HITPOINT WARNING * * *
You feel very sick. The killer bee stings you.
* * * LOW HITPOINT WARNING * * *
The killer bee closely misses you.
The killer bee stings you but does no damage.
The killer bee closely misses you.
Really quaff the potion of mutation?
You feel extremely strange.
Your body twists and deforms.
You feel a hidden potential growing inside you.
You feel a little pissed off.
* * * LOW HITPOINT WARNING * * *
You feel very sick. The killer bee stings you.
You die...

### #.######## #....#...#
#.##.#.#.## #.##.#....#
#.##.###..# ###'##......##
#####........##...
#@y.'............. ###########
#y###........##...
#.........###.###........##...
##.#.#.#.#........######.###...
#.........###.....# ####.# #...
##.#.#.#.## #.....# #....# #...
#.........###.....# #.#### #...
##.#.#.#.#......#####.#### ####
#.†.............##.......######


You could see 2 killer bees.

Vanquished Creatures
  Edmund (D:4)
  An ogre (D:5)
  A black bear (D:4)
  2 necrophages (D:6)
  A centaur (D:7)
  Blork the orc (D:6)
  A scorpion (D:6)
  A killer bee (D:7)
  A centaur zombie (D:6)
  A hound (D:4)
  2 jellies (D:5)
  2 orc priests (D:3)
  5 iguanas
  2 orc wizards
  A killer bee zombie (D:6)
  A hound skeleton (D:5)
  3 gnolls
  4 adders
  A white imp (D:6)
  An ufetubus (D:5)
  A worm (D:4)
  A dart slug (D:1)
  4 orcs
  3 ball pythons
  8 endoplasms
  3 giant cockroaches
  7 goblins
  5 hobgoblins
  2 jackals (D:1)
  3 kobolds
  6 quokkas
  8 bats
  A frilled lizard (D:1)
  5 rats
90 creatures vanquished.

Vanquished Creatures (collateral kills)
  A gnoll shaman (D:2)
  A gnoll (D:2)
2 creatures vanquished.

Vanquished Creatures (others)
  21 plants (D:4)
21 creatures vanquished.

Grand Total: 113 creatures vanquished

Notes
Turn   | Place    | Note
-------+----------+-------------------------------------------
     0 | D:1      | AarnesTheHuman the Ogre Hunter began the quest for the Orb.
     0 | D:1      | Reached XP level 1. HP: 22/22 MP: 1/1
   383 | D:1      | Reached XP level 2. HP: 28/31 MP: 2/2
  1179 | D:1      | Reached XP level 3. HP: 30/37 MP: 3/3
  1782 | D:2      | Found a faded altar of an unknown god.
  2765 | D:2      | Reached skill level 5 in Throwing
  2765 | D:2      | Reached XP level 4. HP: 31/48 MP: 4/4
  3203 | D:3      | You fall into a shaft and drop 1 floor!
  3222 | D:4      | Reached XP level 5. HP: 34/55 MP: 5/5
  3725 | D:3      | Reached skill level 6 in Throwing
  4304 | D:3      | Reached skill level 5 in Fighting
  4304 | D:3      | Reached XP level 6. HP: 13/66 MP: 6/6
  4883 | D:4      | Noticed a black bear
  4884 | D:4      | Killed a black bear
  4899 | D:4      | Noticed Edmund
  4915 | D:4      | Killed Edmund
  4916 | D:4      | Reached skill level 7 in Throwing
  4916 | D:4      | Reached XP level 7. HP: 39/74 MP: 7/7
  5818 | D:5      | Entered Level 5 of the Dungeon
  6059 | D:5      | Found a runed translucent gate.
  6059 | D:5      | Found a runed translucent gate.
  6059 | D:5      | Found an opulent altar of Gozag.
  6061 | D:5      | Found a runed translucent gate.
  6062 | D:5      | Noticed a gargoyle
  6078 | D:5      | Noticed a yak
  6078 | D:5      | Noticed whyfkfv's ghost (weakling SpEn)
  6094 | D:5      | Found a glowing silver altar of Zin.
  6356 | D:5      | Found Oreuxiph's Book Emporium.
  6821 | D:6      | Reached skill level 8 in Throwing
  6826 | D:6      | Identified a scroll of acquirement
  6925 | D:5      | Reached XP level 8. HP: 80/87 MP: 8/8
  7145 | D:6      | Noticed Blork the orc
  7149 | D:6      | Killed Blork the orc
  7692 | D:6      | Reached skill level 9 in Throwing
  8145 | D:6      | Gained mutation: Armour fits poorly on your strangely
                  | shaped body. [potion of mutation]
  8145 | D:6      | Gained mutation: You have hidden genetic potential. [potion
                  | of mutation]
  8145 | D:6      | Gained mutation: You tend to lose your temper in combat.
                  | [potion of mutation]
  8145 | D:6      | HP: 3/88 [poisoned by a killer bee]
  8145 | D:6      | Slain by a killer bee

Illustrated notes

Levels and vault maps discovered:
D:1:      minmay_arrival_diagonal_passages, layout_basic,
          amcnicky_mini_pool_small, kennysheep_boxes
D:2:      layout_loops_ring, shapermc_ecumenical_altar_starsandcircs
D:3:      layout_basic, minivault_25, st_stairs_7, minmay_misc_feat_doors,
          nrook_mini_vaults
D:4:      layout_loops_ring, serial_glass, glass_columns_a, glass_columns_a,
          serial_bayou_lagoon_a, minmay_misc_feat_encased, uniq_edmund
D:5:      layout_basic, old_standard_altar, ebering_ghost_gozag,
          grunt_ministairs_14, kennysheep_windowed_goal
D:6:      layout_basic, st_stairs_9, uniq_blork_the_orc
D:7:      layout_cave_pools, kennysheep_mini, minmay_temple_entry_sparse_star,
          uniq_crazy_yiuf_cottage, uniq_menkaure

Skill      XL: |  1  2  3  4  5  6  7  8 |
---------------+-------------------------+-----
Fighting       | 3 4 5 7 8 |  8.0
Throwing       | 5 6 7 8 9 |  9.2
Dodging        | |  1.7
Stealth        | |  0.6

Action                   |  1- 3 |  4- 6 |  7- 9 || total
-------------------------+-------+-------+-------++-------
Melee: Short sword       |    74 |       |       ||    74
       Dagger            |    43 |    88 |   147 ||   278
Throw: Large rock        |    12 |    12 |     6 ||    30
       Stone             |     1 |       |       ||     1
       Dart              |       |     6 |    39 ||    45
       Javelin           |       |       |     2 ||     2
       Boomerang         |       |       |     2 ||     2
  Use: Scroll            |     3 |     4 |     7 ||    14
       Potion            |     1 |       |     3 ||     4
 Stab: Sleeping          |       |     2 |       ||     2
Armor: Robe              |    40 |    31 |    42 ||   113
Dodge: Dodged            |    80 |    42 |    67 ||   189

Table legend: (Time is in decaauts)
 A = Elapsed time spent in this place.
 B = Non-inter-level travel time spent in this place.
 C = Inter-level travel time spent in this place.
 D = Time resting spent in this place.
 E = Time spent auto-exploring this place.
 F = Levels seen in this place.
 G = Mean time per level.
                   A        B        C        D        E       F      G
               +--------+--------+--------+--------+--------+-----+--------+
         Total |   8189 |   7403 |    786 |   2230 |   3860 |   7 | 1169.9 |
       Dungeon |   8189 |   7403 |    786 |   2230 |   3860 |   7 | 1169.9 |
               +--------+--------+--------+--------+--------+-----+--------+

Top non-repeatable levels by time:
     D:3: 1713 daAuts
     D:1: 1607 daAuts
     D:2: 1393 daAuts
     D:4: 1226 daAuts
     D:6: 1127 daAuts
     D:5: 1079 daAuts
     D:7: 41 daAuts
